 Dungeon Crawl Stone Soup version 0.21.1-1-g345015f (webtiles) character file.

4379 letownia2 the Magician (level 10, 0/77 HPs)
             Began as a Gnoll Skald on Feb 27, 2018.
             Was a Priest of Cheibriados.
             Slain by a yak (11 damage)
             ... on level 9 of the Dungeon.
             The game lasted 00:15:54 (2278 turns).

letownia2 the Magician (Gnoll Skald)                Turns: 2278, Time: 00:15:55

Health: 0/77       AC:  3    Str: 22    XL:     10   Next: 35%
Magic:  0/20       EV: 17    Int: 25    God:    Cheibriados [***...]
Gold:   121        SH:  0    Dex: 21    Spells: 3/23 levels left

rFire    + . .     SeeInvis .   a - +1 trident (flame)
rCold    . . .     Gourm    .   (no shield)
rNeg     . . .     Faith    .   b - +0 leather armour
rPois    .         Spirit   +   (no helmet)
rElec    .         Reflect  .   (no cloak)
rCorr    .         Harm     .   (no gloves)
MR       .....                  (no boots)
Stlth    +++.......             C - amulet of guardian spirit
HPRegen  0.22/turn              L - ring of protection from fire
MPRegen  0.17/turn              (no ring)

@: very slow
A: distributed training, fangs 1, strong nose
a: Bend Time, Temporal Distortion, Renounce Religion


You were on level 9 of the Dungeon.
You worshipped Cheibriados.
Cheibriados was most pleased with you.
You were hungry.

You visited 2 branches of the dungeon, and saw 10 of its levels.
You also visited: Ossuary.

You collected 121 gold pieces.

Inventory:

Hand Weapons
 a - a +1 trident of flaming (weapon)
 k - a +0 falchion
 s - a +0 spear
 v - a +0 quarterstaff
 w - a +0 shortbow
 O - a cursed -1 shortbow
Missiles
 r - 20 bolts
 x - 44 arrows
Armour
 b - a +0 leather armour (worn)
 h - a +0 ring mail
Jewellery
 y - an uncursed ring of ice
 C - an amulet of guardian spirit (around neck)
 L - a ring of protection from fire (left hand)
Wands
 i - a wand of iceblast (6)
 K - a wand of clouds (5)
Scrolls
 f - 5 scrolls of remove curse {unknown}
 j - 5 scrolls of identify {unknown}
 l - 3 scrolls of noise {unknown}
 m - 2 scrolls of fog {unknown}
 n - a scroll of enchant armour {unknown}
 p - a scroll of magic mapping {unknown}
 B - 2 scrolls of teleportation {unknown}
 H - 2 scrolls of blinking {unknown}
 N - a scroll of summoning {unknown}
Potions
 e - 5 potions of curing {unknown}
 g - 3 potions of might {unknown}
 o - 3 potions of heal wounds {unknown}
 u - 2 potions of brilliance {unknown}
 z - a potion of cancellation {unknown}
 D - a potion of haste {unknown}
 F - a potion of magic {unknown}
 G - 2 potions of lignification {unknown}
 I - a potion of agility {unknown}
 J - a potion of flight {unknown}
Books
 c - a book of Battle

   Spells                             Type                      Level
   a - Infusion                       Charms                       1
   b - Shroud of Golubria             Charms/Translocation         2
   c - Song of Slaying                Charms                       2
   d - Spectral Weapon                Hexes/Charms                 3
   e - Regeneration                   Charms/Necromancy            3
 q - a book of Misfortune

   Spells                             Type                      Level
   a - Confusing Touch                Hexes                        1
   b - Confuse                        Hexes                        3
   c - Gell's Gravitas                Translocation                3
   d - Petrify                        Transmutation/Earth          4
   e - Metabolic Englaciation         Hexes/Ice                    5
   f - Yara's Violent Unravelling     Hexes/Transmutation          5
 t - a book of Cantrips

   Spells                             Type                      Level
   a - Confusing Touch                Hexes                        1
   b - Animate Skeleton               Necromancy                   1
   c - Summon Small Mammal            Summoning                    1
   d - Apportation                    Translocation                1
 A - a book of Minor Magic

   Spells                             Type                      Level
   a - Magic Dart                     Conjuration                  1
   b - Blink                          Translocation                2
   c - Call Imp                       Summoning                    2
   d - Slow                           Hexes                        2
   e - Conjure Flame                  Conjuration/Fire             3
   f - Mephitic Cloud                 Conjuration/Poison/Air       3
 E - a book of Maledictions

   Spells                             Type                      Level
   a - Corona                         Hexes                        1
   b - Ensorcelled Hibernation        Hexes/Ice                    2
   c - Confuse                        Hexes                        3
   d - Tukima's Dance                 Hexes                        3
   e - Dazzling Spray                 Conjuration/Hexes            3
 P - a book of Conjurations

   Spells                             Type                      Level
   a - Magic Dart                     Conjuration                  1
   b - Searing Ray                    Conjuration                  2
   c - Dazzling Spray                 Conjuration/Hexes            3
   d - Fulminant Prism                Conjuration/Hexes            4
   e - Force Lance                    Conjuration/Translocation    4
   f - Iskenderun's Mystic Blast      Conjuration                  4
Comestibles
 d - 12 rations
 M - 3 chunks of flesh


   Skills:
 + Level 6.9 Fighting
 + Level 5.1 Short Blades
 + Level 5.1 Long Blades
 + Level 5.1 Axes
 + Level 5.1 Maces & Flails
 + Level 6.9 Polearms
 + Level 5.1 Staves
 + Level 5.1 Slings
 + Level 5.1 Bows
 + Level 5.1 Crossbows
 + Level 5.1 Throwing
 + Level 5.8 Armour
 + Level 6.9 Dodging
 + Level 5.1 Stealth
 + Level 5.1 Shields
 + Level 5.1 Unarmed Combat
 + Level 7.2 Spellcasting
 + Level 4.2 Conjurations
 + Level 4.2 Hexes
 + Level 7.0 Charms
 + Level 4.2 Summonings
 + Level 4.2 Necromancy
 + Level 4.2 Translocations
 + Level 4.2 Transmutations
 + Level 4.2 Fire Magic
 + Level 4.2 Ice Magic
 + Level 4.2 Air Magic
 + Level 4.2 Earth Magic
 + Level 4.2 Poison Magic
 + Level 5.6 Invocations
 + Level 5.1 Evocations


You had 3 spell levels left.
You knew the following spells:

 Your Spells              Type           Power        Failure   Level  Hunger
a - Infusion              Chrm           ####         1%          1    None
b - Blink                 Tloc           N/A          1%          2    None
c - Conjure Flame         Conj/Fire      ####....     4%          3    None
e - Mephitic Cloud        Conj/Pois/Air  ####....     4%          3    None
g - Regeneration          Chrm/Necr      #####.....   2%          3    None
k - Animate Skeleton      Necr           N/A          1%          1    None
l - Song of Slaying       Chrm           #####...     1%          2    None
t - Shroud of Golubria    Chrm/Tloc      #####.....   1%          2    None
x - Spectral Weapon       Hex/Chrm       #####...     2%          3    None


Dungeon Overview and Level Annotations

Branches:
Dungeon (9/15)             Temple (1/1) D:4            Lair (0/6) D:8
    Orc: D:9-12

Altars:
Cheibriados
Dithmenos
Hepliaklqana
Kikubaaqudgha
Makhleb
Okawaru
Qazlal
Sif Muna
Trog
Uskayaw
Vehumet
Wu Jian
Xom
Yredelemnul
Zin
The Shining One

Shops:
D:4 [

Annotations:
D:2 Terence
D:3 Grinder


Innate Abilities, Weirdness & Mutations

Your experience applies equally to all skills.
You have very sharp teeth.
Your uncanny sense of smell can sniff out nearby items.


Message History

Cheibriados thoroughly appreciates the change of pace.
Unknown command.
You puncture the yak! You burn the yak.
The yak is moderately wounded.
The yak is engulfed in blazing flames.
Unknown command.
Okay, then.
Okay, then.
Evoke which item? (* to show all) (? for menu, Esc to quit)
That's the wrong kind of item! (Use * to select it.) Evoke which item? (* to show all) (? for menu, Esc to quit)
Okay, then.
Evoke which item? (* to show all) (? for menu, Esc to quit)
Aiming: Cloud Cone
Press: ? - help, Dir - move target cursor, f - yak, p - yak
Aim: a yak (moderately wounded)
You create a blast of freezing vapour!
The yak is engulfed in freezing vapours.
The yak gores you!
You die...

###....##########
........#........#.......
## #...#.<......#.......
#...'.....)..#..Y....
#...#.....§§§#..Y....
#...#......§§#.......
#...#......§§#.......
#...#.......Y#.......
#...#.......@§Y......
#####...##########.......
............. .......
............. #######
..............
############## #


You could see 2 yaks.

Vanquished Creatures
  A two-headed ogre (D:9)
  The ghost of letownia2 the Charmwright, a novice GnSk of Cheibriados (D:8)
  A queen bee (D:8)
  A hippogriff (D:8)
  Sigmund (D:2)
  3 yaks
  The ghost of Goblin1989 the Insei, an amateur DsTm (D:6)
  A water moccasin (D:7)
  2 ice beasts
  A phantom (D:7)
  2 ogres
  2 crocodiles (D:8)
  2 centaurs
  A bullfrog (D:7)
  A scorpion (D:7)
  13 killer bees (D:8)
  3 crimson imps
  5 jellies
  2 hounds (D:7)
  A bullfrog skeleton (D:8)
  An orc wizard (D:8)
  Jessica (D:2)
  2 iguanas
  7 worker ants
  A hound zombie (D:7)
  2 mummies (Ossuary)
  A hound skeleton (D:8)
  6 adders
  2 adder skeletons
  2 worms (D:2)
  A dart slug (D:2)
  A leopard gecko (D:4)
  13 orcs
  4 giant cockroaches
  3 gnoll zombies (Ossuary)
  A goblin (D:1)
  A hobgoblin (D:3)
  2 jackals (D:4)
  A quokka (D:7)
  A ball python (D:3)
  A ball python zombie (D:6)
  4 bats
  A giant cockroach zombie (D:5)
  3 gnoll skeletons (Ossuary)
  A goblin skeleton (Ossuary)
  A goblin zombie (Ossuary)
  A hobgoblin skeleton (Ossuary)
  A hobgoblin zombie (Ossuary)
  2 kobold skeletons (Ossuary)
  2 kobold zombies (Ossuary)
  A leopard gecko skeleton (D:7)
  An orc skeleton (Ossuary)
  2 orc zombies (Ossuary)
  A quokka zombie (D:8)
  3 rats (D:2)
  3 rat skeletons (Ossuary)
  2 rat zombies (Ossuary)
128 creatures vanquished.

Vanquished Creatures (others)
  Menkaure (Ossuary)
  2 killer bees (D:8)
  A mummy (Ossuary)
  7 goblin skeletons (Ossuary)
  3 goblin zombies (Ossuary)
  2 hobgoblin zombies (Ossuary)
  2 kobold skeletons (Ossuary)
  4 kobold zombies (Ossuary)
  2 orc skeletons (Ossuary)
  2 orc zombies (Ossuary)
  3 rat skeletons (Ossuary)
  3 rat zombies (Ossuary)
  2 spectral weapons
  8 toadstools (D:6)
42 creatures vanquished.

Grand Total: 170 creatures vanquished

Notes
Turn   | Place    | Note
-------+----------+-------------------------------------------
     0 | D:1      | letownia2 the Gnoll Skald began the quest for the Orb.
     0 | D:1      | Reached XP level 1. HP: 20/20 MP: 6/6
    76 | D:2      | Noticed Terence
    87 | D:1      | Reached XP level 2. HP: 17/26 MP: 2/7
   102 | D:1      | Learned a level 2 spell: Song of Slaying
   105 | D:1      | Learned a level 2 spell: Shroud of Golubria
   186 | D:2      | Reached XP level 3. HP: 22/31 MP: 5/9
   191 | D:2      | Learned a level 3 spell: Regeneration
   195 | D:2      | Learned a level 3 spell: Spectral Weapon
   217 | D:2      | Noticed Jessica
   226 | D:2      | Killed Jessica
   226 | D:2      | Reached skill level 5 in Spellcasting
   226 | D:2      | Reached skill level 1 in Invocations
   273 | D:3      | Reached skill level 1 in Short Blades
   273 | D:3      | Reached skill level 1 in Long Blades
   273 | D:3      | Reached skill level 1 in Axes
   273 | D:3      | Reached skill level 1 in Maces & Flails
   273 | D:3      | Reached skill level 1 in Staves
   273 | D:3      | Reached skill level 1 in Slings
   273 | D:3      | Reached skill level 1 in Bows
   273 | D:3      | Reached skill level 1 in Crossbows
   273 | D:3      | Reached skill level 1 in Throwing
   273 | D:3      | Reached skill level 1 in Stealth
   273 | D:3      | Reached skill level 1 in Shields
   273 | D:3      | Reached skill level 1 in Unarmed Combat
   273 | D:3      | Reached skill level 1 in Evocations
   304 | D:3      | Noticed Grinder
   335 | D:2      | Reached XP level 4. HP: 30/38 MP: 11/11
   354 | D:2      | Noticed Sigmund
   370 | D:2      | Killed Sigmund
   370 | D:2      | Reached skill level 1 in Conjurations
   370 | D:2      | Reached skill level 1 in Hexes
   370 | D:2      | Reached skill level 1 in Summonings
   370 | D:2      | Reached skill level 1 in Necromancy
   370 | D:2      | Reached skill level 1 in Translocations
   370 | D:2      | Reached skill level 1 in Transmutations
   370 | D:2      | Reached skill level 1 in Fire Magic
   370 | D:2      | Reached skill level 1 in Ice Magic
   370 | D:2      | Reached skill level 1 in Air Magic
   370 | D:2      | Reached skill level 1 in Earth Magic
   370 | D:2      | Reached skill level 1 in Poison Magic
   370 | D:2      | Reached XP level 5. HP: 26/43 MP: 5/12
   370 | D:2      | Reached XP level 6. HP: 30/50 MP: 5/13
   450 | D:3      | Paralysed by Grinder for 7 turns
   575 | D:4      | Reached skill level 5 in Fighting
   575 | D:4      | Reached skill level 5 in Polearms
   575 | D:4      | Reached skill level 5 in Dodging
   662 | D:4      | Found a staircase to the Ecumenical Temple.
   677 | Temple   | Entered the Ecumenical Temple
   721 | Temple   | Became a worshipper of Cheibriados the Contemplative
   749 | D:4      | Found Fono's Antique Armour Boutique.
   778 | D:4      | Reached XP level 7. HP: 56/56 MP: 9/15
   840 | D:5      | Entered Level 5 of the Dungeon
   904 | D:6      | Learned a level 1 spell: Animate Skeleton
  1031 | D:6      | Noticed Goblin1989's ghost (amateur DsTm)
  1044 | D:6      | Killed Goblin1989's ghost
  1066 | D:6      | Learned a level 3 spell: Conjure Flame
  1069 | D:6      | Learned a level 2 spell: Blink
  1161 | D:7      | Reached XP level 8. HP: 48/63 MP: 0/16
  1219 | D:7      | Reached * piety under Cheibriados
  1324 | D:7      | Found a sand-covered staircase.
  1338 | Ossuary  | Entered an ossuary
  1534 | Ossuary  | Killed Menkaure
  1635 | D:7      | Reached ** piety under Cheibriados
  1647 | D:7      | Found a burning altar of Makhleb.
  1779 | D:8      | Reached XP level 9. HP: 43/69 MP: 7/18
  1784 | D:8      | Learned a level 3 spell: Mephitic Cloud
  1857 | D:8      | Noticed a queen bee
  1859 | D:8      | Noticed letownia2's ghost (novice GnSk)
  1889 | D:8      | Killed a queen bee
  1893 | D:8      | Reached skill level 5 in Armour
  1907 | D:8      | Killed letownia2's ghost
  1907 | D:8      | Reached *** piety under Cheibriados
  2099 | D:8      | Found a staircase to the Lair.
  2110 | D:8      | Reached skill level 5 in Invocations
  2122 | D:8      | Reached XP level 10. HP: 65/77 MP: 9/20
  2244 | D:9      | Noticed a two-headed ogre
  2259 | D:9      | Killed a two-headed ogre
  2259 | D:9      | Reached skill level 5 in Short Blades
  2259 | D:9      | Reached skill level 5 in Long Blades
  2259 | D:9      | Reached skill level 5 in Axes
  2259 | D:9      | Reached skill level 5 in Maces & Flails
  2259 | D:9      | Reached skill level 5 in Staves
  2259 | D:9      | Reached skill level 5 in Slings
  2259 | D:9      | Reached skill level 5 in Bows
  2259 | D:9      | Reached skill level 5 in Crossbows
  2259 | D:9      | Reached skill level 5 in Throwing
  2259 | D:9      | Reached skill level 5 in Stealth
  2259 | D:9      | Reached skill level 5 in Shields
  2259 | D:9      | Reached skill level 5 in Unarmed Combat
  2259 | D:9      | Reached skill level 5 in Evocations
  2278 | D:9      | Slain by a yak

Skill      XL: |  1  2  3  4  5  6  7  8  9 10 |
---------------+-------------------------------+-----
Spellcasting   | 5 6 7 |  7.2
Invocations    | 1 2 3 4 5 |  5.6
Short Blades   | 1 2 3 4 5 |  5.1
Long Blades    | 1 2 3 4 5 |  5.1
Axes           | 1 2 3 4 5 |  5.1
Maces & Flails | 1 2 3 4 5 |  5.1
Staves         | 1 2 3 4 5 |  5.1
Slings         | 1 2 3 4 5 |  5.1
Bows           | 1 2 3 4 5 |  5.1
Crossbows      | 1 2 3 4 5 |  5.1
Throwing       | 1 2 3 4 5 |  5.1
Stealth        | 1 2 3 4 5 |  5.1
Shields        | 1 2 3 4 5 |  5.1
Unarmed Combat | 1 2 3 4 5 |  5.1
Evocations     | 1 2 3 4 5 |  5.1
Armour         | 3 4 5 |  5.8
Conjurations   | 1 2 3 4 |  4.2
Hexes          | 1 2 3 4 |  4.2
Summonings     | 1 2 3 4 |  4.2
Necromancy     | 1 2 3 4 |  4.2
Translocations | 1 2 3 4 |  4.2
Transmutations | 1 2 3 4 |  4.2
Fire Magic     | 1 2 3 4 |  4.2
Ice Magic      | 1 2 3 4 |  4.2
Air Magic      | 1 2 3 4 |  4.2
Earth Magic    | 1 2 3 4 |  4.2
Poison Magic   | 1 2 3 4 |  4.2
Fighting       | 5 6 |  6.9
Polearms       | 5 6 |  6.9
Dodging        | 5 6 |  6.9
Charms         | 6 7 |  7.0

Action                   |  1- 3 |  4- 6 |  7- 9 | 10-12 || total
-------------------------+-------+-------+-------+-------++-------
Melee: Spear             |    47 |    83 |       |       ||   130
       Bite              |     2 |     7 |    28 |     4 ||    41
       Trident           |       |    16 |   217 |    26 ||   259
       Punch             |       |       |     2 |       ||     2
 Cast: Infusion          |     1 |       |       |       ||     1
       Shroud of Golubri |     5 |     6 |    16 |     2 ||    29
       Song of Slaying   |     1 |     2 |     7 |       ||    10
       Spectral Weapon   |     1 |     6 |    14 |     1 ||    22
       Regeneration      |     1 |     3 |     4 |       ||     8
       Conjure Flame     |       |       |     2 |     1 ||     3
       Mephitic Cloud    |       |       |     2 |     2 ||     4
       Blink             |       |       |       |     3 ||     3
Evoke: Wand              |       |       |       |     2 ||     2
 Stab: Sleeping          |     2 |     2 |     6 |     1 ||    11
       Distracted        |       |       |     1 |       ||     1
       Confused          |       |       |       |     1 ||     1
  Eat: Chunk             |       |       |     4 |     1 ||     5
Armor: Leather armour    |     1 |    12 |    20 |       ||    33
Dodge: Dodged            |    30 |    45 |   117 |     7 ||   199
